 Dungeon Crawl Stone Soup version 0.17-a0-1663-gb806841 (webtiles) character file.

14527 stringdemon the Basher (level 12, -16/196 HPs)
             Began as an Ogre Berserker on Aug 16, 2015.
             Was a High Priest of Trog.
             Killed from afar by an ice dragon (45 damage)
             ... with a blast of cold
             ... in an ice cave on Aug 17, 2015.
             The game lasted 00:46:51 (12501 turns).

stringdemon the Basher (Ogre Berserker)            Turns: 12501, Time: 00:46:53

Health: -16/196    AC: 36    Str: 32    XL:     12   Next: 17%
Magic:  12/12      EV:  1    Int: 11    God:    Trog [*****.]
Gold:   1519       SH: 12    Dex: 11    Spells: 0 memorised, 11 levels left

rFire  . . .     SeeInvis .     J - +1 morningstar (protect)
rCold  . . .     Clarity  .     (armour currently unavailable)
rNeg   + + +     SustAt   .     f - +0 shield
rPois  +         Gourm    .     (helmet currently unavailable)
rElec  .         Spirit   .     (cloak currently unavailable)
rCorr  .         Warding  .     (gloves unavailable)
rMut   .         NoTele   +     (boots unavailable)
MR     +....                    (no amulet)
Stlth  +.........               A - +5 ring of intelligence
                                o - +5 ring of protection

@: mighty, exhausted, tree-form, slowed, very slow, somewhat resistant to
hostile enchantments, very unstealthy
A: unfitting armour, (tough skin 0)
a: Burn Spellbooks, Berserk, Trog's Hand, Brothers in Arms, Renounce Religion


You were in an ice cave.
You worshipped Trog.
Trog was extremely pleased with you.
You were hungry.
You were a tree.
You visited 2 branches of the dungeon, and saw 13 of its levels.
You also visited: Ossuary and Ice Cave.

You collected 1519 gold pieces.

Inventory:

Hand weapons
 m - a +0 giant spiked club
 C - a +5 eveningstar
 J - a +1 morningstar of protection (weapon)
 K - a +3 antimagic demon whip
Missiles
 z - 4 large rocks (quivered)
Armour
 e - the +3 hat of Pondering {ponderous, MR+ MP+10 Int+5}
   (You took it off Gastronok on level 1 of the Orcish Mines)

   It affects your intelligence (+5).
   It affects your resistance to hostile enchantments.
   It affects your magic capacity (+10).
 f - a +0 shield (worn)
 O - a +1 robe of resistance (melded)
Jewellery
 o - a +5 ring of protection (left branch)
 x - an uncursed ring of invisibility
 A - a +5 ring of intelligence (right branch)
Magical devices
 r - a wand of draining (11)
 w - a wand of slowing (24)
 y - a wand of flame (20)
 L - a wand of magic darts (20)
 M - a wand of slowing (14)
Scrolls
 b - a scroll of fog {unknown}
 g - 7 scrolls of teleportation
 h - 8 scrolls of remove curse
 n - a scroll of brand weapon {unknown}
 p - a scroll of blinking
 D - 3 scrolls of recharging
 E - 2 scrolls of enchant weapon
 F - a scroll of fear {unknown}
 P - a scroll of amnesia
Potions
 a - a potion of berserk rage {unknown}
 i - a potion of flight
 k - a potion of agility {unknown}
 l - a potion of might
 t - 4 potions of brilliance
 v - 4 potions of poison {unknown}
 B - 2 potions of ambrosia {unknown}
Books
 q - a book of the Sky

   Spells                             Type                      Level
   a - Summon Lightning Spire         Summoning/Air                4
   b - Airstrike                      Air                          4
   c - Silence                        Hexes/Air                    5
   d - Deflect Missiles               Charms/Air                   6
   e - Conjure Ball Lightning         Conjuration/Air              6
   f - Tornado                        Air                          9
   Trog disapproves of the use of such an item.
 u - a book of Clouds

   Spells                             Type                      Level
   a - Mephitic Cloud                 Conjuration/Poison/Air       3
   b - Conjure Flame                  Conjuration/Fire             3
   c - Poisonous Cloud                Conjuration/Poison/Air       6
   d - Freezing Cloud                 Conjuration/Ice/Air          6
   e - Ring of Flames                 Charms/Fire                  7
   Trog disapproves of the use of such an item.
 N - a book of Annihilations

   Spells                             Type                      Level
   a - Poison Arrow                   Conjuration/Poison           6
   b - Chain Lightning                Conjuration/Air              8
   c - Lehudib's Crystal Spear        Conjuration/Earth            8
   d - Glaciate                       Conjuration/Ice              9
   e - Fire Storm                     Conjuration/Fire             9
   Trog disapproves of the use of such an item.
 Q - a Fen Folio

   Spells                             Type                      Level
   a - Corpse Rot                     Necromancy                   2
   b - Stone Arrow                    Conjuration/Earth            3
   c - Leda's Liquefaction            Hexes/Earth                  4
   d - Summon Forest                  Summoning/Translocation      5
   e - Hydra Form                     Transmutation                6
   f - Summon Hydra                   Summoning                    7
   Trog disapproves of the use of such an item.
Comestibles
 c - 6 bread rations
 j - 6 beef jerkies
 G - 7 slices of pizza
 H - 2 meat rations
 I - 2 fruits


   Skills:
 + Level 11.6 Fighting
 + Level 14.0 Maces & Flails
 + Level 9.4 Dodging
 - Level 9.0 Shields


You had 11 spell levels left.
You didn't know any spells.

Dungeon Overview and Level Annotations

Branches:
Dungeon (11/15)            Temple (0/1) D:6             Orc (2/4) D:9
   Lair: D:8-11

Altars:
Ashenzari
Dithmenos
Elyvilon
Fedhas
Gozag
Makhleb
Nemelex Xobeh
Okawaru
Ru
Trog
Vehumet
Xom
Zin
The Shining One

Shops:
D:9 [


Innate Abilities, Weirdness & Mutations

You are too large for most types of armour.
((You have tough skin (AC +1).))


Message History

The ice dragon is severely wounded.
The ice dragon bites you but does no damage.
The ice dragon claws you!
* * * LOW HITPOINT WARNING * * *
You block the ice dragon's attack.
Drink which item? (? for menu, Esc to quit)
You turn into a tree.
Your +1 robe of resistance melds into your body.
You feel hot and cold all over.
Your roots penetrate the ground.
The ice dragon bites you but does no damage.
The ice dragon claws you but does no damage.
The ice dragon tramples you but does no damage.
You bludgeon the ice dragon!!
The ice dragon is almost dead.
The ice dragon bites you but does no damage.
The ice dragon claws you but does no damage.
You block the ice dragon's attack. The ice dragon breathes frost at you.
The blast of cold hits you!
You die...

..=.##
#...##
##....$#
#..##
#.....$#
##.#
#.....$#
#.##
##....$$#
##.##
#....$$$#
#.#.#
#..#$$$$#
#..##
#D## $$$#
#.##
#♣.## $##
#..#
#...# #
##.##
#..#####
#..#
##.#...##
##.#
#...#..#
#.#.
#..##.##
##.#
##.#..#
##..#
###.###
#..##
#...##
##..#


You could see an ice dragon.

Vanquished Creatures
  Gastronok (Orc:1)
  Maud (D:10)
  Harold (Orc:1)
  An ice dragon (IceCv)
  2 ice statues (IceCv)
  2 hill giants (D:10)
  A cyclops (Orc:2)
  The ghost of tedric the Magician, an experienced HEWz of Sif Muna (D:7)
  A yak (D:10)
  A deep elf mage (D:10)
  A hippogriff (D:10)
  A human (D:7)
  A water moccasin (D:10)
  Duvessa (D:7)
  8 orc warriors
  26 ice beasts
  3 black bears
  A phantom (D:5)
  7 ogres
  2 sky beasts
  5 centaurs
  A crocodile (D:9)
  3 big kobolds
  2 giant frogs
  Dowan (D:7)
  A water moccasin skeleton (D:5)
  5 killer bees (D:8)
  5 crimson imps
  12 orc priests
  2 hounds
  2 jellies
  2 giant frog skeletons
  19 orc wizards
  A centaur skeleton (D:9)
  Natasha (thrice) (D:3)
  An iguana (D:5)
  6 worker ants
  4 sheep (D:7)
  2 hound zombies
  9 mummies
  Robin (D:4)
  13 adders
  A river rat (D:5)
  A gnoll (D:1)
  3 oozes
  An adder skeleton (D:8)
  2 adder zombies
  3 worms
  6 giant geckos
  74 orcs
  8 giant cockroaches
  12 goblins
  12 hobgoblins
  5 jackals
  4 quokkas
  A ball python (D:3)
  5 bats
  A giant cockroach zombie (D:6)
  3 giant newts
  3 gnoll zombies (Ossuary)
  A jackal zombie (D:5)
  20 kobolds
  6 kobold zombies
  An orc zombie (Ossuary)
  A quokka skeleton (D:5)
  9 rats
346 creatures vanquished.

Vanquished Creatures (others)
  An orc (Orc:1)
1 creature vanquished.

Grand Total: 347 creatures vanquished

Notes
Turn   | Place    | Note
--------------------------------------------------------------
     0 | D:1      | stringdemon the Ogre Berserker began the quest for the Orb.
     0 | D:1      | Reached XP level 1. HP: 24/24 MP: 1/1
   148 | D:1      | Reached XP level 2. HP: 30/32 MP: 2/2
   534 | D:1      | Reached XP level 3. HP: 34/39 MP: 3/3
   544 | D:1      | Reached skill level 5 in Maces & Flails
   685 | D:1      | Acquired Trog's second power
   843 | D:2      | Found a sparkling altar of Nemelex Xobeh.
   916 | D:2      | Found a shimmering altar of Xom.
   917 | D:2      | Found a burning altar of Makhleb.
   918 | D:2      | Found a blossoming altar of Fedhas.
   929 | D:2      | Found a white marble altar of Elyvilon.
  1199 | D:2      | Reached skill level 1 in Shields
  1608 | D:3      | Reached XP level 4. HP: 48/48 MP: 4/4
  2030 | D:3      | Noticed Natasha
  2042 | D:3      | Killed Natasha
  2042 | D:3      | Reached skill level 6 in Maces & Flails
  2042 | D:3      | Reached XP level 5. HP: 55/55 MP: 5/5
  2047 | D:3      | Noticed Natasha
  2058 | D:3      | Killed Natasha
  2339 | D:3      | Noticed Natasha
  2344 | D:3      | Killed Natasha
  2521 | D:4      | Noticed Robin
  2531 | D:4      | Killed Robin
  2792 | D:4      | Found an iron altar of Okawaru.
  2930 | D:4      | Found a sacrificial altar of Ru.
  3039 | D:4      | Reached XP level 6. HP: 59/63 MP: 6/6
  3613 | D:5      | Entered Level 5 of the Dungeon
  3617 | D:5      | Found a glowing silver altar of Zin.
  3715 | D:5      | Reached skill level 5 in Fighting
  3715 | D:5      | Reached skill level 7 in Maces & Flails
  3715 | D:5      | Reached XP level 7. HP: 44/72 MP: 7/7
  3897 | D:5      | Found a shattered altar of Ashenzari.
  3944 | D:5      | Acquired Trog's third power
  4006 | D:5      | Reached skill level 5 in Shields
  4164 | D:5      | Reached XP level 8. HP: 55/83 MP: 8/8
  4299 | D:5      | Reached skill level 8 in Maces & Flails
  4564 | D:6      | Found an opulent altar of Gozag.
  4608 | D:6      | Found a staircase to the Ecumenical Temple.
  4828 | D:6      | Received a gift from Trog
  5496 | D:7      | Noticed tedric's ghost (experienced HEWz)
  5506 | D:7      | Killed tedric's ghost
  5506 | D:7      | Reached skill level 9 in Maces & Flails
  5506 | D:7      | Reached XP level 9. HP: 94/94 MP: 9/9
  5570 | D:7      | Noticed Dowan
  5572 | D:7      | Noticed Duvessa
  5579 | D:7      | Killed Duvessa
  5584 | D:7      | Killed Dowan
  5712 | D:7      | Found a sand-covered staircase.
  5743 | Ossuary  | Entered an ossuary
  6178 | D:7      | Reached skill level 10 in Maces & Flails
  6367 | D:8      | Found a radiant altar of Vehumet.
  6428 | D:8      | Got a smoking hand axe
  6429 | D:8      | Identified the cursed +1 hand axe "Arcanum" {freeze, rN+ Str-2 Dex+3 Stlth+} (You found it on level 8 of the Dungeon)
  6510 | D:8      | Reached skill level 5 in Dodging
  6805 | D:8      | Noticed a moth of wrath
  6808 | D:8      | Found a bloodstained altar of Trog.
  6823 | D:8      | Reached XP level 10. HP: 100/106 MP: 10/10
  7511 | D:9      | Found a shadowy altar of Dithmenos.
  7770 | D:9      | Found a glowing golden altar of the Shining One.
  7893 | D:9      | Found a staircase to the Orcish Mines.
  7893 | D:9      | Found Gib Puasm's Armour Shop.
  7970 | D:9      | Received a gift from Trog
  8683 | D:10     | Entered Level 10 of the Dungeon
  8683 | D:10     | Noticed a hill giant
  8691 | D:10     | Killed a hill giant
  8731 | D:10     | Reached skill level 11 in Maces & Flails
  9013 | D:10     | Noticed Maud
  9014 | D:10     | Noticed a hill giant
  9036 | D:10     | Killed Maud
  9036 | D:10     | Reached skill level 10 in Fighting
  9036 | D:10     | Reached XP level 11. HP: 115/117 MP: 11/11
  9067 | D:10     | Killed a hill giant
  9067 | D:10     | Reached skill level 12 in Maces & Flails
  9242 | D:10     | HP: 4/119 [something (5)]
 10166 | Orc:1    | Entered Level 1 of the Orcish Mines
 10247 | Orc:1    | Noticed Gastronok
 10834 | Orc:1    | Killed Gastronok
 10870 | Orc:1    | Received a gift from Trog
 10972 | Orc:1    | Noticed Harold
 11002 | Orc:1    | Killed Harold
 11444 | Orc:1    | Reached skill level 13 in Maces & Flails
 11759 | Orc:2    | Found a frozen archway.
 11996 | IceCv    | Entered an ice cave
 12111 | IceCv    | Noticed an ice statue
 12177 | IceCv    | Noticed an ice statue
 12182 | IceCv    | Killed an ice statue
 12182 | IceCv    | Reached XP level 12. HP: 130/130 MP: 12/12
 12296 | IceCv    | Killed an ice statue
 12483 | IceCv    | Noticed an ice dragon
 12483 | IceCv    | Noticed an ice dragon
 12493 | IceCv    | Killed an ice dragon
 12493 | IceCv    | Reached skill level 14 in Maces & Flails
 12501 | IceCv    | Killed from afar by an ice dragon

Vault maps used:
D:1:      minmay_arrival_diagonal_passages, minivault_5, feat_on_display
D:2:      nicolae_overflow_quartered_altars, nemelex_deck, first_bread
D:3:      uniq_natasha
D:4:      okawaru_trees_2, hangedman_ru_absence, uniq_robin
D:5:      wad_pebble_path, evilmike_ruin_ashenzari, zin_scriptorium,
          gup_sewer_entry_bubbles, st_stairs_5
D:6:      minmay_temple_entry_statues_pillars, basic_altar
D:7:      nicolae_ossuary_entry_giza, grunt_livestock, uniq_duvessa
D:8:      tgw_trog, lemuel_round_altar
D:9:      tso_altar, nicolae_overflow_crystal_walls, orc_david_3,
          grunt_ministairs_14
D:10:     uniq_maud
D:11:     lair_0_dummy
Orc:1:    guppyfry_library_mini, uniq_gastronok, uniq_harold
Orc:2:    portal_ice_cave_entry_ice_beasts
Ossuary:  ossuary_tomb_3
IceCv:    ice_cave_small_dragons

Action                   |  1- 3 |  4- 6 |  7- 9 | 10-12 || total
-------------------------+-------+-------+-------+-------++-------
Melee: Mace              |   121 |   160 |   336 |       ||   617
       Morningstar       |       |       |       |   563 ||   563
Throw: Large rock        |       |       |       |     8 ||     8
Invok: Berserk           |       |     4 |     6 |     9 ||    19
       Trog's Hand       |       |       |     1 |       ||     1
       Brothers in Arms  |       |       |       |     1 ||     1
  Use: Scroll            |     3 |     4 |     9 |     4 ||    20
       Potion            |       |     1 |     4 |    13 ||    18
 Stab: Sleeping          |       |     1 |       |     2 ||     3
  Eat: Chunk             |     1 |     7 |     7 |    13 ||    28
       Bread ration      |     1 |       |       |     1 ||     2
       Pizza             |       |     1 |       |       ||     1
       Meat ration       |       |       |     1 |     2 ||     3
       Fruit             |       |       |     5 |       ||     5
